 Dungeon Crawl Stone Soup version 0.21-a0-221-gfe971b9 (webtiles) character file.

604 Gorglomux the Skirmisher (level 7, -11/64 HPs)
             Began as a Hill Orc Earth Elementalist on Aug 26, 2017.
             Was a Follower of Okawaru.
             Mangled by an ogre
             ... wielding a +0 giant club
              (24 damage)
             ... on level 4 of the Dungeon.
             The game lasted 00:07:47 (5810 turns).

Gorglomux the Skirmisher (HOEE)                     Turns: 5810, Time: 00:07:48

Health: -11/64     AC:  9    Str: 12    XL:     7   Next: 42%
Magic:  9/9        EV:  5    Int: 15    God:    Okawaru [*.....]
Gold:   116        SH:  0    Dex: 12    Spells: 8/9 levels left

rFire    . . .     SeeInvis .   b - +1 hand axe
rCold    . . .     Gourm    .   (no shield)
rNeg     . . .     Faith    .   u - +0 chain mail
rPois    +         Spirit   .   (no helmet)
rElec    .         Reflect  .   (no cloak)
rCorr    .         Harm     .   n - +0 pair of gloves
MR       .....                  (no boots)
Stlth    ..........             (no amulet)
HPRegen  0.20/turn              o - ring of poison resistance
MPRegen  0.11/turn              (no ring)

@: no status effects
A: no striking features
a: Heroism, Renounce Religion


You were on level 4 of the Dungeon.
You worshipped Okawaru.
Okawaru was aware of your devotion.
You were near starving.

You visited 1 branch of the dungeon, and saw 4 of its levels.

You collected 116 gold pieces.

Inventory:

Hand Weapons
 a - a +0 spear
 b - a +1 hand axe (weapon)
Missiles
 s - 138 stones (quivered)
Armour
 c - a +0 robe
 n - a +0 pair of gloves (worn)
 u - a +0 chain mail (worn)
Jewellery
 o - a ring of poison resistance (left hand)
Wands
 I - a wand of disintegration (8/24)
Scrolls
 h - a scroll of fog {unknown}
 m - 2 scrolls of remove curse {unknown}
 p - a scroll of magic mapping {unknown}
 q - a scroll of enchant weapon
 A - 2 scrolls of identify {unknown}
 C - 2 scrolls of teleportation {unknown}
 D - a scroll of random uselessness {unknown}
 H - a scroll of recharging {unknown}
Potions
 g - a potion of curing
 l - a potion of haste
 r - a potion of might {unknown}
 t - 2 potions of lignification {unknown}
 G - a potion of mutation {unknown}
 J - a potion of agility {unknown}
Books
 e - a book of Geomancy

   Spells                             Type                      Level
   a - Sandblast                      Earth                        1
   b - Passwall                       Transmutation/Earth          2
   c - Stone Arrow                    Conjuration/Earth            3
   d - Petrify                        Transmutation/Earth          4
   e - Lee's Rapid Deconstruction     Earth                        5
Comestibles
 d - 2 bread rations
 z - a meat ration
 E - a royal jelly
 F - 3 fruits


   Skills:
 + Level 6.9 Fighting
 + Level 6.4 Axes
 - Level 1.5 Dodging
 - Level 1.5 Stealth
 - Level 1.5 Spellcasting
   Level 0.6 Transmutations
 - Level 3.0 Earth Magic


You had 8 spell levels left.
You knew the following spells:

 Your Spells              Type           Power        Failure   Level  Hunger
a - Sandblast             Erth           ##....       98%         1    ##.....


Dungeon Overview and Level Annotations

Branches:
Dungeon (4/15)             Temple (0/1) D:4

Altars:
Ashenzari
Okawaru

Shops:
D:4 (

Annotations:
D:4 Gorglomux's ghost, amateur HOEE


Message History

There is an open door here!
You now have 116 gold pieces (gained 12)!
A - 2 scrolls labeled IFRING WYOLIT (gained 1)
You are near starving!!!
As butt open the door, it creaks loudly!!!
There butts an open door here!
Gorglomux's ghost turns its malevolent gaze towards you!
Gorglomux's ghost says, "Your future is not even bleak!"
Gorglomux'butts ghost is too close now for your liking!
Unknown command!
There is an open door here!
The ogre shouts!!!
The ogre hits you with a giant club!!!!!!
The ogre hits you with a giant club!!!!!! * * * don't die
* * * Gorglomux's ghost barely misses you!
You hear an angry hiss!
There is a stone staircase leading up, spattered with blood here!
The ogre hits you with a giant butt!!!!!! rip

#.......'...........
#.......###########.
#.......# #.
#......#.......# #.
#......#.......###########.
#......###..........#......
#......# #......###'#.#####
#......# #.................
#......# #@W.........######
#..(...# #.O.........#
#......###...........#
###...#..............#
#...#s########...(.######
#...#.#####...#..........
#...#.#..........########
##...#.#.(.<.#.∩.##
#...s..#..........#


You could see an ogre and Gorglomux's ghost.

Vanquished Creatures
  2 phantoms
  An ogre (D:4)
  A scorpion (D:4)
  3 orc priests
  A bullfrog skeleton (D:4)
  A centaur skeleton (D:4)
  An orc wizard (D:4)
  A hound skeleton (D:4)
  2 adders
  An adder skeleton (D:4)
  2 worms
  2 dart slugs
  3 leopard geckos
  11 orcs
  3 giant cockroaches
  4 goblins
  8 hobgoblins
  6 jackals
  A quokka (D:4)
  12 bats
  3 frilled lizards
  7 kobolds
  A leopard gecko skeleton (D:4)
  6 rats
83 creatures vanquished.

Notes
Turn   | Place    | Note
-------+----------+-------------------------------------------
     0 | D:1      | Gorglomux the Hill Orc Earth Elementalist began the quest for the Orb.
     0 | D:1      | Reached XP level 1. HP: 14/14 MP: 3/3
   125 | D:1      | Reached skill level 1 in Fighting
   242 | D:1      | Reached XP level 2. HP: 19/24 MP: 4/4
   797 | D:1      | Reached skill level 3 in Fighting
   803 | D:1      | Reached XP level 3. HP: 8/31 MP: 0/5
  1780 | D:2      | Found a shattered altar of Ashenzari.
  2462 | D:3      | Found an iron altar of Okawaru.
  2469 | D:3      | Became a worshipper of Warmaster Okawaru
  2493 | D:3      | Reached skill level 1 in Axes
  2760 | D:3      | Noticed a phantom
  2934 | D:2      | Reached XP level 4. HP: 33/40 MP: 6/6
  3347 | D:3      | Killed a phantom
  3347 | D:3      | Reached skill level 3 in Axes
  3347 | D:3      | Reached XP level 5. HP: 11/47 MP: 7/7
  4376 | D:4      | Noticed Gorglomux's ghost (amateur HOEE)
  4376 | D:4      | Reached * piety under Okawaru
  4376 | D:4      | Reached XP level 6. HP: 42/56 MP: 8/8
  4426 | D:4      | Found Duyzoir's Antique Weapon Shoppe.
  4497 | D:4      | Noticed a phantom
  4498 | D:4      | Found a staircase to the Ecumenical Temple.
  4860 | D:4      | Reached skill level 6 in Fighting
  5147 | D:4      | Killed a phantom
  5147 | D:4      | Reached XP level 7. HP: 49/64 MP: 9/9
  5179 | D:4      | Reached skill level 6 in Axes
  5810 | D:4      | Mangled by an ogre

Vault maps used:
D:1:      doesnt_arrival_eight_statues, minmay_misc_feat_columns,
          nrook_mini_vaults
D:2:      lemuel_tele_altar
D:3:      first_bread, okawaru_trees_2
D:4:      minmay_temple_entry_statues, serial_shops, nicolae_shop_stone

Skill      XL: |  1  2  3  4  5  6  7 |
---------------+----------------------+-----
Fighting       | 1 3 4 5 6 |  6.9
Axes           | 1 3 4 5 6 |  6.4
Dodging        | |  1.5
Stealth        | |  1.5
Spellcasting   | |  1.5
Transmutations | |  0.6
Earth Magic    | |  3.0

Action                   |  1- 3 |  4- 6 |  7- 9 || total
-------------------------+-------+-------+-------++-------
Melee: Unarmed           |    18 |       |       ||    18
       Short sword       |    21 |       |       ||    21
       Spear             |   108 |   238 |     2 ||   348
       Hand axe          |       |    42 |    37 ||    79
 Cast: Sandblast         |    22 |       |       ||    22
Invok: Heroism           |       |     2 |     2 ||     4
  Use: Potion            |       |     2 |       ||     2
       Scroll            |       |     1 |       ||     1
 Stab: Sleeping          |     1 |       |       ||     1
  Eat: Chunk             |     6 |     8 |     1 ||    15
Armor: Robe              |    29 |       |       ||    29
       Chain mail        |    27 |   164 |    15 ||   206
Dodge: Dodged            |    98 |    51 |     8 ||   157

Table legend:
 A = Spawn XP
 B = Non-spawn XP
 C = Spawn XP percentage of total XP
 D = Spawn monster count
 E = Non-spawn monster count
 F = Spawn count percentage of total count
 G = Total turns spent on level
                    A         B        C        D         E        F      G
               +---------+---------+-------+---------+---------+-------+---------
         Total |     107 |     756 |  12.4 |      20 |      63 |  24.1 |  5810
               +---------+---------+-------+---------+---------+-------+---------
           D:1 |      15 |      24 |  38.5 |       8 |      17 |  32.0 |  1352
           D:2 |      14 |      24 |  36.8 |       7 |       7 |  50.0 |  1250
           D:3 |       6 |     201 |   2.9 |       3 |      19 |  13.6 |  2004
           D:4 |      72 |     507 |  12.4 |       2 |      20 |   9.1 |  1204
               +---------+---------+-------+---------+---------+-------+---------
